 Dungeon Crawl Stone Soup version 0.30.1-11-g7821555f0a (webtiles) character file.

Game seed: 18191862169481403650

1243 Dvallin the Insei (level 8, -7/67 HPs)
             Began as a Gnoll Monk on Nov 15, 2023.
             Mangled by an orc warrior
             ... wielding a +0 war axe
              (16 damage)
             ... on level 6 of the Dungeon.
             The game lasted 00:09:40 (5736 turns).

Dvallin the Insei (Gnoll Monk)                      Turns: 5736, Time: 00:09:40

Health: -7/67      AC:  6    Str: 11    XL:     8   Next: 50%
Magic:  22/22      EV: 15    Int: 12    God:
Gold:   302        SH:  0    Dex: 14    Spells: 13/13 levels left

rFire   . .          .
                       - Unarmed
rCold   . . .        (no shield)
rNeg    . . .        a - +0 robe
rPois   .            (no helmet)
rElec   .            r - +1 cloak
rCorr   .            v - +0 pair of gloves
SInv    .            k - +0 pair of boots
Will    .....        q - amulet of faith
Stlth   ++           h - ring of magical power
HPRegen 0.31/turn    (no ring)
MPRegen 0.18/turn

%: faith
@: no status effects
A: fangs 1, strong nose, distributed training
a: no special abilities


You were on level 6 of the Dungeon.
You visited 1 branch of the dungeon, and saw 6 of its levels.
You also visited: Sewer.

You collected 302 gold pieces.

Inventory:

Hand Weapons
 n - a +0 shortbow
Missiles
 C - 10 poisoned darts
 G - a curare-tipped dart
Armour
 a - a +0 robe (worn)
 c - an orb of light
 i - a +0 kite shield
 k - a +0 pair of boots (worn)
 r - a +1 cloak (worn)
 v - a +0 pair of gloves (worn)
Jewellery
 h - a ring of magical power (left hand)
 q - an amulet of faith (around neck)
 x - an amulet of the acrobat
Wands
 u - a wand of flame (18)
Scrolls
 d - a scroll of immolation {unknown}
 g - 5 scrolls of identify {unknown}
 m - 3 scrolls of teleportation {unknown}
 s - 2 scrolls of fog {unknown}
 t - 2 scrolls of poison {unknown}
 y - a scroll of enchant weapon {unknown}
 A - 2 scrolls of fear {unknown}
Potions
 b - a potion of ambrosia
 e - a potion of attraction {unknown}
 f - 6 potions of heal wounds {unknown}
 j - a potion of degeneration {unknown}
 l - a potion of berserk rage {unknown}
 o - 2 potions of curing {unknown}
 p - 4 potions of might {unknown}
 w - 2 potions of mutation {unknown}
 z - a potion of brilliance {unknown}
 B - a potion of invisibility {unknown}
 D - a potion of haste {unknown}
 E - a potion of magic {unknown}
 F - a potion of resistance {unknown}


   Skills:
 + Level 7.4 Fighting
 + Level 3.4 Short Blades
 + Level 3.4 Long Blades
 + Level 3.4 Axes
 + Level 3.4 Maces & Flails
 + Level 3.4 Polearms
 + Level 3.4 Staves
 + Level 3.4 Ranged Weapons
 + Level 3.4 Throwing
 + Level 3.4 Armour
 + Level 7.4 Dodging
 + Level 3.4 Stealth
 + Level 3.4 Shields
 + Level 7.4 Unarmed Combat
 + Level 3.4 Spellcasting
 + Level 2.8 Conjurations
 + Level 2.8 Hexes
 + Level 2.8 Summonings
 + Level 2.8 Necromancy
 + Level 2.8 Translocations
 + Level 2.8 Transmutations
 + Level 2.8 Fire Magic
 + Level 2.8 Ice Magic
 + Level 2.8 Air Magic
 + Level 2.8 Earth Magic
 + Level 2.8 Poison Magic
 + Level 3.8 Invocations
 + Level 3.4 Evocations


You had 13 spell levels left.
You didn't know any spells.
Your spell library contained the following spells:

 Spells                   Type           Power      Damage    Failure   Level
 Poisonous Vapours        Pois/Air       16%        N/A       11%         2
 Sublimation of Blood     Necr           8%         N/A       11%         2
 Mephitic Cloud           Conj/Pois/Air  8%         N/A       22%         3
 Petrify                  Tmut/Erth      8%         N/A       58%         4
 Freezing Cloud           Conj/Ice/Air   4%         6-21      90%         5
 Irradiate                Conj/Tmut      4%         3d13      90%         5


Dungeon Overview and Level Annotations

Branches:
Dungeon (6/15)              Sewer (visited)
 Temple: D:4-7

Altars:
Nemelex Xobeh
The Shining One

Shops:
D:2 :   D:3 (


Innate Abilities, Weirdness & Mutations

You have very sharp teeth.
Your uncanny sense of smell can sniff out nearby items.
Your experience applies equally to all skills.


Message History

You hit the orc warrior but do no damage.
The orc warrior is moderately wounded.
The orc warrior hits you with a +0 war axe.
You barely miss the orc warrior.
The orc warrior is moderately wounded.
The orc warrior barely misses you.
You barely miss the orc warrior.
The orc warrior is moderately wounded.
You punch the orc!
You kill the orc!
The orc warrior closely misses you.
The orc warrior hits you with a +0 war axe.
Items here: )) [ †.
You hit the orc warrior.
The orc warrior is heavily wounded.
You barely miss the orc warrior.
The orc warrior is heavily wounded.
The orc warrior hits you with a +0 war axe!
* * * LOW HITPOINT WARNING * * *
You hit the orc warrior but do no damage.
The orc warrior is heavily wounded.
The orc warrior hits you but does no damage.
You hit the orc warrior but do no damage.
You bite the orc warrior, but do no damage.
The orc warrior is heavily wounded.
The orc warrior barely misses you.
You hit the orc warrior but do no damage.
You bite the orc warrior, but do no damage.
The orc warrior is heavily wounded.
The orc warrior barely misses you.
You punch the orc warrior! Your bite misses the orc warrior.
The orc warrior is severely wounded.
The orc warrior hits you with a +0 war axe!
* * * LOW HITPOINT WARNING * * *
You closely miss the orc warrior.
The orc warrior is severely wounded.
You hit the orc warrior.
The orc warrior is severely wounded.
The orc warrior hits you with a +0 war axe!
You die...

# #+#...#+#o#####.#+#
###. #.......#o'...+ #
....#####...#####...###
#....'...'.#.......#
##...#####.#'#...#+#
####.####.....#...#
#.......#.....##+## #
#.##.####.....#
...###.##.# ####@#+#
..........# #..o.#
>..###.#### ##.### #.#
#.# .#.# #.# ####..# ##
.#.# #.###...... ..#
.#.## ###..#...######.#
....#
#......>.#~.~~#.##....###
#.#####..##''##.#.......#


You could see an orc warrior.

Vanquished Creatures
  A sky beast (D:5)
  A black bear (D:6)
  3 ogres (D:5)
  A centaur (D:3)
  3 kobold brigands (Sewer)
  2 scorpions (D:5)
  A jelly (D:4)
  4 iguanas
  2 orc wizards
  4 gnolls (D:4)
  7 adders
  A river rat (D:6)
  A worm (D:2)
  3 dart slugs
  11 orcs
  8 bats
  5 endoplasms
  7 giant cockroaches
  5 goblins
  4 hobgoblins
  5 jackals
  2 quokkas
  8 ball pythons
  4 frilled lizards
  14 kobolds
  7 rats
114 creatures vanquished.

Notes
Turn   | Place    | Note
-------+----------+-------------------------------------------
     0 | D:1      | Dvallin the Gnoll Monk began the quest for the Orb.
     0 | D:1      | Reached XP level 1. HP: 23/23 MP: 1/1
   270 | D:1      | Reached XP level 2. HP: 29/29 MP: 2/2
   950 | D:2      | Reached XP level 3. HP: 30/35 MP: 3/3
  1023 | D:2      | Reached skill level 1 in Invocations
  1208 | D:2      | Reached skill level 1 in Short Blades
  1208 | D:2      | Reached skill level 1 in Long Blades
  1208 | D:2      | Reached skill level 1 in Axes
  1208 | D:2      | Reached skill level 1 in Maces & Flails
  1208 | D:2      | Reached skill level 1 in Polearms
  1208 | D:2      | Reached skill level 1 in Staves
  1208 | D:2      | Reached skill level 1 in Ranged Weapons
  1208 | D:2      | Reached skill level 1 in Throwing
  1208 | D:2      | Reached skill level 1 in Armour
  1208 | D:2      | Reached skill level 1 in Stealth
  1208 | D:2      | Reached skill level 1 in Shields
  1208 | D:2      | Reached skill level 1 in Spellcasting
  1208 | D:2      | Reached skill level 1 in Evocations
  1319 | D:2      | Found Zysogivyad's Book Shop.
  1563 | D:2      | Reached XP level 4. HP: 41/41 MP: 5/5
  1708 | D:3      | Noticed a centaur
  1719 | D:3      | Killed a centaur
  1720 | D:3      | Reached skill level 1 in Conjurations
  1720 | D:3      | Reached skill level 1 in Hexes
  1720 | D:3      | Reached skill level 1 in Summonings
  1720 | D:3      | Reached skill level 1 in Necromancy
  1720 | D:3      | Reached skill level 1 in Translocations
  1720 | D:3      | Reached skill level 1 in Transmutations
  1720 | D:3      | Reached skill level 1 in Fire Magic
  1720 | D:3      | Reached skill level 1 in Ice Magic
  1720 | D:3      | Reached skill level 1 in Air Magic
  1720 | D:3      | Reached skill level 1 in Earth Magic
  1720 | D:3      | Reached skill level 1 in Poison Magic
  1720 | D:3      | Reached XP level 5. HP: 15/47 MP: 5/7
  2142 | D:3      | Found Moneeff's Antique Weapon Shoppe.
  2815 | D:4      | Found a glowing golden altar of the Shining One.
  2832 | D:4      | Found a sparkling altar of Nemelex Xobeh.
  3131 | D:4      | Reached XP level 6. HP: 53/53 MP: 8/8
  4044 | D:5      | Entered Level 5 of the Dungeon
  4078 | D:5      | Noticed a sky beast
  4275 | D:5      | Reached XP level 7. HP: 15/60 MP: 10/10
  4833 | D:5      | Reached XP level 8. HP: 57/67 MP: 12/12
  5181 | D:6      | Found a glowing drain.
  5185 | Sewer    | Entered a sewer
  5736 | D:6      | Mangled by an orc warrior

Illustrated notes

Levels and vault maps discovered:
D:1:      ldierk_walled_garden_2, layout_loops_corners
D:2:      layout_basic, serial_shops, shop
D:3:      layout_loops_ring, serial_shops, shop_statue,
          minmay_fractal_squares_gapless_5
D:4:      layout_layer_cave, mainiacjoe_overflow_catwalk_spiral
D:5:      layout_rooms
D:6:      nicolae_cairo_tiling_large, layout_loops_ring,
          minmay_temple_entry_nine_rooms, gup_sewer_entry_bowl,
          kennysheep_potato

Skill      XL: |  1  2  3  4  5  6  7 |
---------------+----------------------+-----
Invocations    | 1 2 3 |  3.8
Short Blades   | 1 2 3 |  3.4
Long Blades    | 1 2 3 |  3.4
Axes           | 1 2 3 |  3.4
Maces & Flails | 1 2 3 |  3.4
Polearms       | 1 2 3 |  3.4
Staves         | 1 2 3 |  3.4
Ranged Weapons | 1 2 3 |  3.4
Throwing       | 1 2 3 |  3.4
Armour         | 1 2 3 |  3.4
Stealth        | 1 2 3 |  3.4
Shields        | 1 2 3 |  3.4
Spellcasting   | 1 2 3 |  3.4
Evocations     | 1 2 3 |  3.4
Conjurations   | 1 2 |  2.8
Hexes          | 1 2 |  2.8
Summonings     | 1 2 |  2.8
Necromancy     | 1 2 |  2.8
Translocations | 1 2 |  2.8
Transmutations | 1 2 |  2.8
Fire Magic     | 1 2 |  2.8
Ice Magic      | 1 2 |  2.8
Air Magic      | 1 2 |  2.8
Earth Magic    | 1 2 |  2.8
Poison Magic   | 1 2 |  2.8
Fighting       | 7 |  7.4
Dodging        | 7 |  7.4
Unarmed Combat | 7 |  7.4

Action                     |  1- 3 |  4- 6 |  7- 9 || total
---------------------------+-------+-------+-------++-------
  Melee: Unarmed           |    74 |    44 |   211 ||   329
         Bite              |     8 |     8 |    18 ||    34
         Punch             |       |     2 |    16 ||    18
   Fire: Shortbow          |       |   110 |     9 ||   119
 Armour: Robe              |     5 |    10 |    67 ||    82
  Dodge: Dodged            |    43 |    83 |   162 ||   288
